 Dungeon Crawl Stone Soup version 0.27-a0-1590-g15f69828bf (webtiles) character file.

Game seed: 12128517226027416224

315 flotson the Sneak (level 6, -2/48 HPs)
             Began as a Demonspawn Delver on July 19, 2021.
             Slain by Sigmund (5 damage)
             ... on level 2 of the Dungeon.
             The game lasted 00:07:58 (4393 turns).

flotson the Sneak (Demonspawn Delver)               Turns: 4393, Time: 00:07:59

Health: -2/48      AC:  7    Str: 15    XL:     6   Next: 20%
Magic:  6/6        EV: 11    Int: 11    God:
Gold:   261        SH:  0    Dex: 14    Spells: 5/5 levels left

rFire    . . .     SeeInvis .   b - +0 whip (vamp)
rCold    . . .     Faith    .   (no shield)
rNeg     . . .     Spirit   .   h - +0 ring mail
rPois    .         Reflect  .   (no helmet)
rElec    .         Harm     .   (no cloak)
rCorr    .         Rampage  .   p - +1 pair of gloves
Will     .....                  (no boots)
Stlth    ++........             r - amulet of regeneration
HPRegen  1.16/turn              (no ring)
MPRegen  0.10/turn              (no ring)

@: no status effects
A: claws 1, powered by death 1
a: no special abilities


You were on level 2 of the Dungeon.
You visited 1 branch of the dungeon, and saw 7 of its levels.

You collected 261 gold pieces.

Inventory:

Hand Weapons
 a - a +0 hand axe
 b - a +0 vampiric whip (weapon)
Armour
 h - a +0 ring mail (worn)
 p - a +1 pair of gloves (worn)
Jewellery
 r - an amulet of regeneration (around neck)
Wands
 g - a wand of digging (2)
Scrolls
 d - a scroll of enchant weapon {unknown}
 f - 2 scrolls of identify {unknown}
 m - 6 scrolls of teleportation
 s - 2 scrolls of noise {unknown}
 v - a scroll of blinking {unknown}
 w - 2 scrolls of magic mapping
Potions
 c - a potion of attraction {unknown}
 e - a potion of flight {unknown}
 k - a potion of resistance {unknown}
 l - 4 potions of heal wounds
 n - a potion of magic {unknown}
 q - a potion of lignification {unknown}
 t - a potion of invisibility {unknown}
 u - a potion of degeneration {unknown}


   Skills:
 + Level 4.1 Fighting
 + Level 3.1 Axes
 + Level 2.0 Throwing
 + Level 2.3 Armour
 + Level 3.1 Dodging
 - Level 4.5 Stealth


You had 5 spell levels left.
You didn't know any spells.
Your spell library contained the following spells:

 Spells                   Type           Power      Damage    Failure   Level
 Freeze                   Ice            0%         1d3       56%         1
 Summon Small Mammal      Summ           0%         N/A       56%         1
 Static Discharge         Conj/Air       0%         N/A       71%         2
 Call Canine Familiar     Summ           0%         N/A       90%         3
 Frozen Ramparts          Ice            0%         1d2       90%         3
 Summon Guardian Golem    Hex/Summ       0%         N/A       90%         3
 Hailstorm                Conj/Ice       0%         3d3       100%        4
 Lightning Bolt           Conj/Air       0%         1d11      100%        5
 Maxwell's Capacitive Co  Air            0%         ∞         100%        8


Dungeon Overview and Level Annotations

Branches:
Dungeon (7/15)             Temple (0/1) D:7

Altars:
Hepliaklqana
Nemelex Xobeh
Okawaru
Uskayaw

Annotations:
D:2 Sigmund
D:3 1 runed translucent door, oc3rt's ghost, weakling TeAE
D:4 3 runed translucent doors, Sin92's ghost, amateur DsFi


Innate Abilities, Weirdness & Mutations

You have sharp fingernails.
You regenerate a little health from kills.


Message History

Press: ? - help, Q - select action, (/) - cycle Shift-Dir - straight line, f/p - Sigmund
Aim: Sigmund, wielding a +0 scythe of distortion and wearing a +0 robe (heavily wounded, 58% to hit)
You throw a poisoned dart. The poisoned dart hits Sigmund.
Sigmund is poisoned.
Sigmund is heavily wounded.
Sigmund hits you from afar with a +0 scythe of distortion!
You blink.
Unknown command.
Throw: 2 javelins
Press: ? - help, Q - select action Shift-Dir - straight line, f/p - Sigmund
Aim: Sigmund, wielding a +0 scythe of distortion and wearing a +0 robe (heavily wounded, poisoned, 58% to hit)
You throw a javelin. The javelin closely misses Sigmund.
Sigmund says, "Your kind have come here before.
I understand now why.
You desire death..."
Sigmund hits you from afar with a +0 scythe of distortion.
Space bends around you.
Throw: javelin
Press: ? - help, Q - select action Shift-Dir - straight line, f/p - Sigmund
Aim: Sigmund, wielding a +0 scythe of distortion and wearing a +0 robe (heavily wounded, poisoned, 58% to hit)
You throw a javelin. The javelin barely misses Sigmund.
Sigmund closely misses you.
Sigmund looks more healthy.
Sigmund points at you and mumbles some strange words.
You are confused.
Sigmund casts a spell.
Sigmund flickers and vanishes!
Deactivating autopickup; reactivate with Ctrl-A.
You bump into the rock wall.
Something hits you! Space warps horribly around you!!
You bump into the rock wall.
Something hits you.
* * * LOW HITPOINT WARNING * * *
Space bends around you.
* * * LOW HITPOINT WARNING * * *
You bump into the rock wall.
A magic dart appears from out of thin air!
The magic dart hits you but does no damage.
You bump into the rock wall.
You feel less confused. Something hits you!
* * * LOW HITPOINT WARNING * * *
Space bends around you.
You die...

...............# *..# #.#
#####..#.##.#(####.## #.#
## #..#...........# #.#
.#
#.........#..##########.#
.#
##.####.###.(...........#
.### #. #.#
##.############ ...# #
..# #.# .#.# #### #.#
.#.# #@# .#.# #.#
##.#############{#
#....(...(......#
#################


There were no monsters in sight!

Vanquished Creatures
  A centaur (D:6)
  A bullfrog (D:5)
  A bullfrog zombie (D:5)
  3 gnolls
  4 adders
  A worm (D:2)
  A dart slug (D:1)
  An orc (D:5)
  9 ball pythons
  7 endoplasms
  5 giant cockroaches
  7 goblins
  3 hobgoblins
  6 jackals (D:2)
  4 kobolds
  4 quokkas
  7 bats
  5 frilled lizards
  4 rats
74 creatures vanquished.

Notes
Turn   | Place    | Note
-------+----------+-------------------------------------------
     0 | D:5      | flotson the Demonspawn Delver began the quest for the Orb.
     0 | D:5      | Reached XP level 1. HP: 18/18 MP: 1/1
     4 | D:5      | Noticed an ice beast
    21 | D:5      | Reached skill level 1 in Armour
    21 | D:5      | Gained mutation: You regenerate a little health from kills.
                  | [demonic ancestry]
    21 | D:5      | Reached XP level 2. HP: 6/24 MP: 2/2
    21 | D:5      | Reached XP level 3. HP: 8/29 MP: 3/3
   292 | D:5      | Noticed a bullfrog
   507 | D:3      | Found an iron altar of Okawaru.
   512 | D:3      | Found a hazy altar of Hepliaklqana.
   515 | D:3      | Found a sparkling altar of Nemelex Xobeh.
   518 | D:3      | Found a hide-covered altar of Uskayaw.
   791 | D:3      | Found a runed translucent door.
   792 | D:3      | Noticed oc3rt's ghost (weakling TeAE)
   924 | D:2      | Found a faded altar of an unknown god.
  1129 | D:2      | Noticed Sigmund
  1263 | D:2      | Reached XP level 4. HP: 30/35 MP: 4/4
  1509 | D:2      | Reached skill level 1 in Throwing
  3108 | D:4      | Found a runed translucent gate.
  3109 | D:4      | Found a runed translucent gate.
  3109 | D:4      | Found a runed translucent gate.
  3198 | D:4      | You fall into a shaft and drop 3 floors!
  3218 | D:7      | Noticed a bullfrog
  3230 | D:6      | Gained mutation: You have sharp fingernails. [demonic
                  | ancestry]
  3230 | D:6      | Reached XP level 5. HP: 42/42 MP: 5/5
  3271 | D:6      | Noticed a centaur
  3290 | D:6      | Killed a centaur
  3302 | D:6      | Noticed a necrophage
  3397 | D:5      | Reached XP level 6. HP: 48/48 MP: 6/6
  3830 | D:4      | Noticed Sin92's ghost (amateur DsFi)
  3830 | D:4      | Noticed an ice beast
  3831 | D:4      | Noticed an ice beast
  4069 | D:2      | Found a faded altar of an unknown god.
  4393 | D:2      | Slain by Sigmund

Illustrated notes

Levels and vault maps discovered:
D:1:      minmay_arrival_widening_spiral_narrow, layout_loops_ring
D:2:      layout_loops_ring, dreamdust_ecumenical_altar_statues, uniq_sigmund
D:3:      layout_basic, grunt_temple_overflow_cloverleaf,
          ebering_ghost_reflecting_pool, minmay_misc_feat_encased
D:4:      layout_loops_cross, gammafunk_ghost_icy, minmay_misc_feat_more_columns
D:5:      layout_basic
D:6:      layout_rooms, makhleb_blood_cavern_becter, serial_shops,
          nicolae_shop_crystal
D:7:      layout_cave_pools, minmay_temple_entry_purple_smoke

Skill      XL: |  1  2  3  4  5  6 |
---------------+-------------------+-----
Axes           | 2 3 |  3.1
Armour         | 1 2 |  2.3
Dodging        | 2 3 |  3.1
Throwing       | 1 2 |  2.0
Fighting       | 4 |  4.1
Stealth        | |  4.5

Action                   |  1- 3 |  4- 6 || total
-------------------------+-------+-------++-------
Melee: Hand axe          |    61 |   151 ||   212
       Whip              |       |    73 ||    73
Throw: Dart              |       |    12 ||    12
       Javelin           |       |     2 ||     2
Evoke: Wand              |       |     1 ||     1
  Use: Potion            |     1 |     5 ||     6
       Scroll            |       |     5 ||     5
 Stab: Sleeping          |     4 |    10 ||    14
       Distracted        |     1 |     1 ||     2
Armor: Ring mail         |    18 |    86 ||   104
       Leather armour    |     1 |       ||     1
Dodge: Dodged            |    36 |   150 ||   186

Table legend: (Time is in decaauts)
 A = Elapsed time spent in this place.
 B = Non-inter-level travel time spent in this place.
 C = Inter-level travel time spent in this place.
 D = Time resting spent in this place.
 E = Time spent auto-exploring this place.
 F = Levels seen in this place.
 G = Mean time per level.
                   A        B        C        D        E       F      G
               +--------+--------+--------+--------+--------+-----+--------+
         Total |   4396 |   4297 |     99 |    228 |   3141 |   7 |  628.0 |
       Dungeon |   4396 |   4297 |     99 |    228 |   3141 |   7 |  628.0 |
               +--------+--------+--------+--------+--------+-----+--------+

Top non-repeatable levels by time:
     D:2: 1135 daAuts
     D:1: 938 daAuts
     D:3: 880 daAuts
     D:4: 741 daAuts
     D:5: 568 daAuts
     D:6: 110 daAuts
     D:7: 20 daAuts
